 Dungeon Crawl Stone Soup version 0.23.1 (webtiles) character file.

Game seed: 1241175850862417927

215 dengdeng the Chopper (level 5, -1/70 HPs)
             Began as a Minotaur Berserker on Mar 9, 2019.
             Was a Believer of Trog.
             Slain by an orc
             ... wielding a +0 falchion
              (4 damage)
             ... on level 3 of the Dungeon.
             The game lasted 00:06:16 (1878 turns).

dengdeng the Chopper (Minotaur Berserker)           Turns: 1878, Time: 00:06:17

Health: -1/70      AC:  7    Str: 28    XL:     5   Next: 60%
Magic:  4/4        EV: 12    Int:  4    God:    Trog [**....]
Gold:   142        SH:  0    Dex:  9    Spells: 4/4 levels left

rFire    . . .     SeeInvis .   v - +0 great mace (crush)
rCold    . . .     Gourm    .   (shield currently unavailable)
rNeg     . . .     Faith    .   g - +0 ring mail
rPois    .         Spirit   .   (helmet restricted)
rElec    .         Reflect  .   n - +0 cloak
rCorr    .         Harm     .   (no gloves)
MR       .....                  (no boots)
Stlth    ..........             (no amulet)
HPRegen  0.21/turn              (no ring)
MPRegen  0.09/turn              (no ring)

@: berserking, lethally poisoned (-1 -> -2), very quick
A: retaliatory headbutt, horns 2
a: Berserk, Trog's Hand, Renounce Religion


You were on level 3 of the Dungeon.
You worshipped Trog.
Trog was pleased with you.
You were very hungry.

You visited 1 branch of the dungeon, and saw 3 of its levels.

You collected 142 gold pieces.

Inventory:

Hand Weapons
 a - a +0 hand axe
 v - a +0 great mace of crushing (weapon)
Missiles
 b - 32 stones (quivered)
 u - 3 tomahawks
Armour
 g - a +0 ring mail (worn)
 n - a +0 cloak (worn)
 p - a +2 large shield
Scrolls
 d - 4 scrolls of remove curse {unknown}
 e - 3 scrolls of magic mapping {unknown}
 i - a scroll of amnesia {unknown}
 k - 4 scrolls of teleportation {unknown}
 o - 4 scrolls of identify {unknown}
Potions
 f - a potion of brilliance {unknown}
 h - a potion of mutation {unknown}
 j - a potion of invisibility {unknown}
 l - a potion of haste {unknown}
 m - a potion of flight {unknown}
 q - a potion of might {unknown}
 r - a potion of degeneration {unknown}
 t - a potion of curing {unknown}
Comestibles
 c - 3 rations
 s - 11 chunks of flesh


   Skills:
 + Level 4.8 Fighting
 + Level 5.3 Axes
 * Level 4.6 Armour
 + Level 2.5 Dodging
 + Level 0.5 Stealth
 + Level 0.3 Shields


You had 4 spell levels left.
You didn't know any spells.
Your spell library was empty.

Dungeon Overview and Level Annotations

Branches:
Dungeon (3/15)

Altars:
Dithmenos


Innate Abilities, Weirdness & Mutations

You reflexively headbutt those who attack you in melee.
You have a pair of horns on your head.


Message History

* * * LOW HITPOINT WARNING * * *
A goblin comes into view.
The rat bites you.
* * * LOW HITPOINT WARNING * * *
The orc barely misses you.
A red film seems to cover your vision as you go berserk!
You feel yourself moving faster!
You feel mighty!
You are feeling very hungry.
You feel sick.
The goblin shouts!
The adder completely misses you. You furiously retaliate!
You headbutt the adder!
You kill the adder!
Trog accepts your kill. The orc misses you. The rat bites you.
* * * LOW HITPOINT WARNING * * *
The orc hits you with a +0 war axe!
* * * LOW HITPOINT WARNING * * *
The orc hits you with a +0 falchion.
You die...

#.......................
#.........##.........(..
#.........##(...........
#...........(...........
#....>..................
........(######......##
###...(...# ......#
#.o)....# ......
#.o@r...# .... #.[o)...#
...........#
.............#
.............#
.............#
##..g........#
#...........#


You could see 3 orcs, a goblin and a rat.

Vanquished Creatures
  An ice beast (D:2)
  An orc priest (D:3)
  An orc wizard (D:3)
  An adder (D:3)
  3 dart slugs (D:2)
  2 leopard geckos (D:2)
  5 orcs (D:3)
  A giant cockroach (D:1)
  7 goblins
  2 hobgoblins
  9 kobolds
  5 bats
  2 frilled lizards
  5 rats
45 creatures vanquished.

Notes
Turn   | Place    | Note
-------+----------+-------------------------------------------
     0 | D:1      | dengdeng the Minotaur Berserker began the quest for the
                  | Orb.
     0 | D:1      | Reached XP level 1. HP: 19/19 MP: 0/0
   179 | D:1      | Reached XP level 2. HP: 18/27 MP: 1/1
   933 | D:2      | Noticed an ice beast
   946 | D:2      | Killed an ice beast
   946 | D:2      | Reached skill level 4 in Axes
   946 | D:2      | Reached XP level 3. HP: 11/34 MP: 2/2
   946 | D:2      | Reached XP level 4. HP: 13/41 MP: 3/3
  1691 | D:2      | Found a shadowy altar of Dithmenos.
  1788 | D:3      | Reached ** piety under Trog
  1788 | D:3      | Reached skill level 5 in Axes
  1788 | D:3      | Reached XP level 5. HP: 37/47 MP: 4/4
  1878 | D:3      | HP: 3/70 [orc/+0 war axe (9)]
  1878 | D:3      | Slain by an orc

Skill      XL: |  1  2  3  4 |
---------------+-------------+-----
Fighting       | 4 |  4.8
Axes           | 4 5 |  5.3
Armour         | 3 4 |  4.6
Dodging        | |  2.5
Stealth        | |  0.5
Shields        | |  0.3

Action                   |  1- 3 |  4- 6 || total
-------------------------+-------+-------++-------
Melee: Hand axe          |    54 |    29 ||    83
       Headbutt          |     5 |     7 ||    12
       Great mace        |       |     8 ||     8
Invok: Berserk           |       |     1 ||     1
  Eat: Chunk             |       |     3 ||     3
Armor: Ring mail         |    26 |    22 ||    48
Dodge: Dodged            |    25 |    43 ||    68
Block: Large shield      |       |    12 ||    12
